 Dungeon Crawl Stone Soup version 0.24.0-125-gc4c63601f3 (webtiles) character file.

Game seed: 6850847754989587367, levelgen mode: deterministic

57 Divind the Skirmisher (level 3, -14/33 HPs)
             Began as a Draconian Berserker on Mar 6, 2020.
             Was a Believer of Trog.
             Engulfed by Ijyb's freezing vapour (17 damage)
             ... on level 3 of the Dungeon.
             The game lasted 00:02:27 (1668 turns).

Divind the Skirmisher (Draconian Berserker)         Turns: 1668, Time: 00:02:28

Health: -14/33     AC:  5    Str: 20    XL:     3   Next: 73%
Magic:  3/3        EV: 13    Int:  7    God:    Trog [**....]
Gold:   64         SH:  0    Dex: 10    Spells: 2/2 levels left

rFire    . . .     SeeInvis .   a - +0 falchion
rCold    . . .     Gourm    .   (no shield)
rNeg     . . .     Faith    .   (armour unavailable)
rPois    .         Spirit   .   (helmet restricted)
rElec    .         Reflect  .   (no cloak)
rCorr    .         Harm     .   (no gloves)
MR       .....                  (no boots)
Stlth    +.........             (no amulet)
HPRegen  0.11/turn              (no ring)
MPRegen  0.08/turn              (no ring)

@: no status effects
A: unfitting armour, cold-blooded, AC +5
a: Berserk, Trog's Hand, Renounce Religion


You were on level 3 of the Dungeon.
You worshipped Trog.
Trog was pleased with you.
You were not hungry.

You visited 1 branch of the dungeon, and saw 3 of its levels.

You collected 64 gold pieces.

Inventory:

Hand Weapons
 a - a +0 falchion (weapon)
Jewellery
 e - an uncursed ring of protection from magic {unknown}
Scrolls
 c - a scroll of identify
Potions
 d - a potion of might
 g - a potion of flight
 i - a potion of agility
Comestibles
 b - a ration


   Skills:
 + Level 3.8 Fighting
 + Level 3.7 Long Blades
 + Level 3.3 Dodging
 + Level 0.3 Stealth


You had 2 spell levels left.
You didn't know any spells.
Your spell library was empty.

Dungeon Overview and Level Annotations

Branches:
Dungeon (3/15)

Altars:
Nemelex Xobeh

Annotations:
D:3 Ijyb


Innate Abilities, Weirdness & Mutations

Your plain brown scales are hard. (AC +5)
You cannot fit into any form of body armour.
You are cold-blooded and may be slowed by cold attacks.


Message History

Found a stone staircase leading up.
You see here a spear.
There is a stone staircase leading down here.
You see here a rat corpse.
Ijyb the Twisted Goblin comes into view.
She is wielding a +4 club and carrying a wand of clouds (2).
Found an emerald ring.
Ijyb is nearby!
You see here 13 gold pieces.
Ijyb zaps a wand.
Ijyb creates a blast of freezing vapour!
You are engulfed in freezing vapours.
Ouch! That really hurt!
* * * LOW HITPOINT WARNING * * *
Ijyb hits you with a +4 club.
* * * LOW HITPOINT WARNING * * *
You hit Ijyb.
Ijyb is lightly wounded.
You are engulfed in freezing vapours.
Ouch! That really hurt!
You die...

......# *,,,,,,,,,,*
########################*********
†.......................,,,,,,,>,
########.######...=.....,,*******
.....# #.# #.........,,* .....#
#.# #.........,,* .....#
#.######.........,,* .....#
#.....§§§........,,* .....#
#.....§§§@g......,,* .....#
#.....§§§........,,**** .....#
#.....§..........,,,,,* .....#
#.######.........,,,,,* .....#
#.# #.........,,,,,* #'#### #.#
#.........,,,,,* #..# #.*
#.........,,,,,* ##)# *,*
#.........,,,,,* ##.## *.#
*,,,,,,,,,,,,,,*


You could see Ijyb.

Vanquished Creatures
  An ooze (D:2)
  4 worms
  2 leopard geckos (D:1)
  4 orcs (D:3)
  3 giant cockroaches
  6 goblins
  2 hobgoblins (D:1)
  2 kobolds
  6 bats
  A frilled lizard (D:2)
  3 rats
34 creatures vanquished.

Notes
Turn   | Place    | Note
-------+----------+-------------------------------------------
     0 | D:1      | Divind the Draconian Berserker began the quest for the Orb.
     0 | D:1      | Reached XP level 1. HP: 19/19 MP: 1/1
   144 | D:1      | Reached XP level 2. HP: 25/26 MP: 2/2
   206 | D:1      | Found a sparkling altar of Nemelex Xobeh.
   878 | D:2      | Reached XP level 3. HP: 30/33 MP: 3/3
  1374 | D:3      | Gained mutation: Scrolls take you a little longer to read.
                  | [potion of mutation]
  1374 | D:3      | Lost mutation: Scrolls take you a little longer to read.
                  | [potion of mutation]
  1442 | D:3      | Reached ** piety under Trog
  1663 | D:3      | Noticed Ijyb
  1668 | D:3      | Engulfed by Ijyb's freezing vapour

Levels and vault maps discovered:
D:1:      nzn_arrival_crosshair, layout_rooms, moated_statue,
          nemelex_xobeh_ov_fountains_minmay
D:2:      layout_basic
D:3:      layout_basic, chequers_temple_overflow_statue_of_worship,
          corner_web_ring, uniq_sigmund, uniq_ijyb

Skill      XL: |  1  2 |
---------------+-------+-----
Dodging        | 3 |  3.3
Fighting       | |  3.8
Long Blades    | |  3.7
Stealth        | |  0.3

Action                   || total
-------------------------++-------
Melee: Falchion          ||   104
       Tailslap          ||    11
  Use: Scroll            ||     7
       Potion            ||     1
 Stab: Sleeping          ||     1
  Eat: Ration            ||     1
       Chunk             ||     1
Armor: Skin              ||    29
Dodge: Dodged            ||    78
       Rpst.: Falchion   ||    24
